[Event "Early-Titled-Tuesday-Blitz-February-27-2024"]
[Site "Chess.com"]
[Date "2024.02.27"]
[Round "3"]
[White "elchacal664"]
[Black "DefiantChair"]
[Result "0-1"]
[WhiteElo "2430"]
[BlackElo "2613"]
[TimeControl "180+1"]
[EndTime "8:29:28 PST"]
[Termination "DefiantChair won by resignation"]

1. Nf3 c5 2. g3 d5 3. Bg2 Nf6 4. O-O e6 5. c4 d4 6. e3 Nc6 7. exd4 cxd4 8. d3 h6 9. Re1 Bd6 10. Na3 O-O 11. Nc2 Bc7 12. b4 a6 13.
Rb1 Bb6 14. a4 a5 15. b5 Ne7 16. Ba3 Nf5 17. Bxf8 Kxf8 18. Na1 Nd7 19. Nb3 Nc5 20.
Nxc5 Bxc5 21. Nd2 Rb8 22. Nb3 b6 23. Nxc5 bxc5 24. Qd2 Ne7 25. Qf4 Qb6 26. Qe4 Kg8 27. Qe5 f6 28. Qh5 Bd7 29. Bh3 Kf8 30. Re2 Be8 31.
Qf3 e5 32. Rxe5 Ng6 33. Re2 Qc7 34. Rbe1 Bf7 35. Bf5 Ne5 36. Qf4 g5 37. Qe4 Bh5 38. f4 Bf3 39. fxe5 Bxe4 40. Rxe4 Re8 41. e6 Re7 42. Bg6 Kg7 43. Bf7 f5 44. Re5 Kf6 45. Rd5 h5 46. Ree5 Qxe5 47. Rxe5 Kxe5 48. Kf2 h4 49.
Kf3 g4+ 50. Kf2 h3 51. Ke2 f4 52. Kf2 f3 53. Bh5 Kf5 54. Bf7 Rb7 55. Bg8 Kf6 56. Bf7 Rb8 57. Bh5 Rg8 58. Bf7 Rg5 59. b6 Re5 60. b7 Re2+ 61. Kf1 Rb2 62. Bh5 Rxb7 63. Bxg4 Rb2 64. Bxh3 Rxh2 65. Bg4 Ra2 66. Bxf3 Rxa4 67.
Bd5 Ra1+ 0-1

[Event "Early-Titled-Tuesday-Blitz-February-27-2024"]
[Site "Chess.com"]
[Date "2024.02.27"]
[Round "3"]
[White "guillembaches"]
[Black "dealshark"]
[Result "0-1"]
[WhiteElo "2515"]
[BlackElo "2404"]
[TimeControl "180+1"]
[EndTime "8:29:29 PST"]
[Termination "dealshark won on time"]

1. d4 Nf6 2. Nf3 d5 3. c4 e6 4. cxd5 exd5 5. Qc2 Bd6 6. Bg5 O-O 7. e3 Bg4 8. Bd3 Nbd7 9. Bxh7+ Kh8 10. Bf5 Bh5 11.
Bxf6 Nxf6 12. Nbd2 c5 13. dxc5 Be7 14. h3 g6 15. Bd3 Bxf3 16. Nxf3 Rc8 17. b4 a5 18.
a3 axb4 19. axb4 b6 20. O-O bxc5 21. bxc5 Rxc5 22. Qb2 Kg8 23. Ra6 Ne4 24. Rd1 Bf6 25. Qb6 Qxb6 26. Rxb6 Nc3 27. Rd2 Bg7 28. Nd4 Ra8 29.
Ra6 Rb8 30. g4 Rb4 31. Bc2 Bxd4 32. exd4 Rxd4 33. Rxd4 Ne2+ 34. Kg2 Nxd4 35. Bd3 Ne6 36. Kf3 Kg7 37. Ke3 Rc3 38. Kd2 Rb3 39. Bc2 Rb2 40.
Kc3 Rb8 41. Rd6 d4+ 42. Kd2 Rb2 43. Kc1 Rb4 44. Kd2 Kf6 45. Bd3 Ke5 46. Rd7 f5 47.
gxf5 gxf5 48. h4 Nf4 49. Bc2 Rb2 50. Kc1 Rb4 51. Rd8 Ne2+ 52. Kd2 Nf4 53. Re8+ Kd5 54.
Bxf5 Rb2+ 55. Kc1 Rxf2 56. h5 Rh2 57. Bg6 Nxh5 58. Rh8 Rh1+ 59. Kd2 Ng3 60. Rxh1 Nxh1 61. Bh7 Ng3 62. Bg6 Ke5 63. Bh7 Ne4+ 64. Kc2 Nc5 65. Kd2 Kd5 66. Bg6 Kc4 67. Bh7 Kd5 68. Bg8+ Ke4 69.
Bh7+ Kf4 70. Kc2 Ke3 71. Bg6 Ne4 72. Bh7 d3+ 73. Kd1 Nf2+ 0-1

[Event "Early-Titled-Tuesday-Blitz-February-27-2024"]
[Site "Chess.com"]
[Date "2024.02.27"]
[Round "3"]
[White "GianmarcoVaR"]
[Black "PLAYER_2006_M"]
[Result "0-1"]
[WhiteElo "2729"]
[BlackElo "3009"]
[TimeControl "180+1"]
[EndTime "8:29:30 PST"]
[Termination "PLAYER_2006_M won on time"]

1. e4 e5 2. Nf3 Nf6 3. Nxe5 d6 4. Nf3 Nxe4 5. c4 Nc6 6. Nc3 Nxc3 7. dxc3 Bf5 8. Be3 Be7 9. g3 O-O 10. Bg2 Re8 11. Nd4 Nxd4 12. cxd4 Bg5 13. O-O c6 14. Bxg5 Qxg5 15. Qb3 Re7 16. Rfe1 Rae8 17. Qc3 h5 18. h4 Qf6 19. Rxe7 Qxe7 20. Bf3 g6 21. Kg2 Be4 22. Rd1 Bxf3+ 23. Qxf3 Qe2 24. Rd3 Qxb2 25. Rb3 Qxa2 26. Rxb7 Qxc4 27. Rxa7 Rf8 28. Qf6 Qd5+ 29. Kh2 Re8 30. Rd7 Qe6 31. Rxd6 Qxf6 32. Rxf6 Rc8 33.
Rd6 Kf8 34. Rd7 Ke8 35. Ra7 Rd8 36. Rc7 Rd6 37. Kg2 Rf6 38. Kf1 Re6 39. Kg2 Rf6 40. Kf1 Kd8 41. Ra7 Rf3 42. Ke2 Rf6 43. Ke3 Ke8 44.
Rc7 Rd6 45. f3 Re6+ 46. Kf4 Rf6+ 47. Ke4 Re6+ 48. Kf4 f6 49. Rg7 Rd6 50. Ke3 Rd5 51. g4 hxg4 52. fxg4 g5 53. h5 Kf8 54. Rc7 Rd6 55.
Ke4 Kg8 56. h6 f5+ 57. Kxf5 Rxh6 58. Kxg5 Rd6 59. Rc8+ Kf7 60. Rc7+ Ke6 61. Kh6 Kd5+ 62. Kh5 Kxd4 63. g5 c5 64. g6 Rd8 0-1

[Event "Early-Titled-Tuesday-Blitz-February-27-2024"]
[Site "Chess.com"]
[Date "2024.02.27"]
[Round "3"]
[White "GaiozNigalidze"]
[Black "Lukianoo"]
[Result "1-0"]
[WhiteElo "2646"]
[BlackElo "2836"]
[TimeControl "180+1"]
[EndTime "8:29:31 PST"]
[Termination "GaiozNigalidze won by checkmate"]

1. d4 Nf6 2. Nf3 e6 3. g3 b5 4.
Bg2 Bb7 5. O-O c5 6. c3 d5 7. a4 b4 8. cxb4 cxb4 9. a5 Ba6 10. Ne5 Nbd7 11. Qa4 Qb8 12. Nxd7 Nxd7 13. Bf4 Qb5 14.
Qxb5 Bxb5 15. Re1 Rc8 16. Nd2 Be7 17. e4 dxe4 18. Nxe4 Nf6 19. Nd6+ Bxd6 20. Bxd6 Bc6 21. Bxb4 Bxg2 22. Kxg2 Kd7 23. a6 Rc7 24. Bc5 Rb8 25. b4 Nd5 26. Reb1 Rb5 27. Ra5 Kc6 28. Rba1 Rxa5 29.
Rxa5 Nc3 30. Kf3 Nb5 31. Ke4 Rd7 32. f4 Rd8 33. Kd3 Rc8 34. Kc4 Nd6+ 35. Bxd6 Kxd6+ 36. Rc5 Rb8 37. b5 Kd7 38. Rc6 h6 39. Kc5 g5 40.
b6 axb6+ 41. Kb5 gxf4 42. Rxb6 Rc8 43. gxf4 Rc1 44. Rb7+ Kd6 45. a7 Rb1+ 46. Kc4 Ra1 47. Rxf7 Ra4+ 48. Kb5 Ra2 49. Kb6 Rb2+ 50. Ka6 Ra2+ 51. Kb7 Rb2+ 52. Kc8 Ra2 53. Kb8 Rb2+ 54. Rb7 Rg2 55. a8=Q Rg8+ 56. Ka7 Rg2 57. Rb6+ Ke7 58. Qb7+ Kf6 59. Kb8 Ra2 60. Qc6 Kf5 61. Rb5+ Kg4 62. Qc4 Rc2 63. Qxc2 Kxf4 64. Re5 Kf3 65. Qe4+ Kf2 66.
Qe2+ Kg1 67. Re3 h5 68. Rd3 h4 69. Rd1# 1-0

[Event "Early-Titled-Tuesday-Blitz-February-27-2024"]
[Site "Chess.com"]
[Date "2024.02.27"]
[Round "3"]
[White "1977Ivan"]
[Black "GHANDEEVAM2003"]
[Result "0-1"]
[WhiteElo "2730"]
[BlackElo "3021"]
[TimeControl "180+1"]
[EndTime "8:29:33 PST"]
[Termination "GHANDEEVAM2003 won by resignation"]

1. d4 g6 2. e4 Bg7 3. Nc3 d6 4. Nf3 a6 5. Be3 b5 6. Bd3 Nd7 7. a4 b4 8. Nd5 a5 9. c3 Rb8 10. Bb5 e6 11. Nf4 bxc3 12. bxc3 Nf6 13. Ng5 O-O 14.
Ngxe6 fxe6 15. Nxe6 Qe7 16. Nxf8 Nxf8 17. f3 c6 18. Bd3 Nd5 19. Bd2 g5 20. O-O Nf4 21.
Bc2 N8g6 22. g3 Nh3+ 23. Kg2 c5 24. Rb1 Ra8 25. Bb3+ Be6 26. Bxe6+ Qxe6 27. Qb3 c4 28.
Qb7 Re8 29. Rfe1 g4 30. f4 Ne7 31. f5 Qf7 32. Qd7 Bf8 33. Rb7 Qh5 34. Qe6+ Kh8 35. Qf6+ Kg8 36. Qxd6 Ng5 37. Bxg5 Qxg5 38. Qf4 Qxf4 39. gxf4 Nxf5 40. h3 Nd6 41. Rc7 gxh3+ 42. Kxh3 Nxe4 43. Rg1+ Kh8 44. Rxc4 h5 45. Kh4 Kh7 46.
Kxh5 Re6 47. Rb1 Rg6 48. f5 Ng3+ 49. Kh4 Nxf5+ 50. Kh3 Rg3+ 51. Kh2 Bd6 52. Kh1 Rg6 53. Rc6 Kh6 54. Rb7 Kg5 55. Kg2 Kf4+ 56. Kf2 Ke4 57. Rc8 Kd3 58. Kf3 Nh4+ 59. Kf2 Rg2+ 60. Kf1 Ra2 61.
Rb1 Nf5 62. Rd1+ Ke4 63. Re8+ Kf4 64. Rd3 Ng3+ 65. Ke1 Ne4 66. c4 Bb4+ 67. Kd1 Nf2+ 68. Kc1 Nxd3+ 69. Kb1 Rb2+ 70. Ka1 Bc3 71. Rf8+ Ke3 0-1

[Event "Early-Titled-Tuesday-Blitz-February-27-2024"]
[Site "Chess.com"]
[Date "2024.02.27"]
[Round "3"]
[White "Cambek64"]
[Black "Batica1984"]
[Result "1/2-1/2"]
[WhiteElo "2513"]
[BlackElo "2757"]
[TimeControl "180+1"]
[EndTime "8:29:34 PST"]
[Termination "Game drawn - insufficient material"]

1. c4 c5 2. Nc3 Nf6 3. g3 d5 4.
cxd5 Nxd5 5. Bg2 Nc7 6. Nf3 Nc6 7. O-O e5 8. d3 Be7 9. Nd2 O-O 10. Nc4 f6 11. f4 exf4 12. Bxf4 Be6 13. Rc1 Rc8 14. a3 Kh8 15. e4 Nd4 16. Bxc7 Rxc7 17. Nd5 Rd7 18. Nce3 Bd6 19. Kh1 b6 20. Qa4 Be5 21. b4 cxb4 22. axb4 g6 23. Nc2 Bxd5 24. Nxd4 Bxe4 25.
Bxe4 Bxd4 26. b5 Bc5 27. Qa1 Kg8 28. Qa2+ Kg7 29. Qb2 Re7 30. g4 Qd6 31. g5 Bd4 32.
gxf6+ Rxf6 33. Qg2 Rxf1+ 34. Rxf1 Qe5 35. Qf3 Qf6 36. Qg2 Qe6 37. Qf3 Rf7 38. Qxf7+ Qxf7 39. Rxf7+ Kxf7 40. Kg2 Kf6 41. Kf3 h5 42. h3 g5 43. Bc6 Ke5 44. Be8 h4 45. Kg4 Be3 46. Bc6 Bf4 47. Bb7 Kd4 48. Ba6 Kxd3 49. Kf5 Ke3 50.
Kg4 Kf2 51. Bb7 Kg1 52. Ba6 Kh2 53. Bb7 Bd6 54. Ba6 Bb8 55. Bb7 a5 56. bxa6 b5 57. Bd5 b4 58. Be6 Kg2 59. Kxg5 Kg3 60. Kf6 b3 61.
Bxb3 Kxh3 62. Be6+ Kg3 63. Kf7 h3 64. Bxh3 Kxh3 65.
Ke6 Kg3 66. Kd7 Ba7 67. Kc6 Bg1 68. Kb7 Kf4 69. a7 Bxa7 1/2-1/2

[Event "Early-Titled-Tuesday-Blitz-February-27-2024"]
[Site "Chess.com"]
[Date "2024.02.27"]
[Round "3"]
[White "KhazhatulyAlikhan"]
[Black "Ariadna_Atreides"]
[Result "1-0"]
[WhiteElo "2423"]
[BlackElo "2193"]
[TimeControl "180+1"]
[EndTime "8:29:37 PST"]
[Termination "KhazhatulyAlikhan won by resignation"]

1. e4 c6 2. d4 d5 3. e5 Bf5 4. g4 Bd7 5. h3 e6 6. c3 c5 7. Ne2 h5 8. Bg2 hxg4 9. hxg4 Rxh1+ 10. Bxh1 Nc6 11. Be3 Qb6 12. Qd2 c4 13. Qc2 O-O-O 14. Nd2 f6 15. f4 g5 16. Qg6 fxe5 17. Qxg8 exf4 18. Bf2 Qxb2 19. Rb1 Qxa2 20. Qxg5 Bd6 21. Nxf4 Qc2 22. Ne2 Rf8 23. Be3 Na5 24. Rd1 Nb3 25. Bf4 Bxf4 26. Nxf4 Qxc3 27. Ne2 Qb2 28. Qh6 Re8 29.
g5 Nxd4 30. Nxd4 Qxd4 31. g6 Qg1+ 32. Ke2 Qg4+ 33. Bf3 Qf5 34. g7 Qe5+ 35. Kf2 Rg8 36. Rg1 Qd4+ 37. Kf1 c3 38. Nb3 Qd3+ 39. Be2 Qb1+ 40.
Nc1 Qf5+ 41. Ke1 c2 42. Qh8 Qf7 43. Qh6 e5 44. Qg5 e4 45. Qe5 Bc6 46. Bh5 Qd7 47. Be2 Qd8 48. Bg4+ Bd7 49. Be6 Bxe6 50. Qxe6+ Kb8 51. Rg4 Ka8 52. Qe5 Qa5+ 53. Ke2 Qa6+ 54. Kf2 Qh6 55. Qf5 a6 56. Qf7 Qh7 57. Kg3 Ka7 58.
Qxd5 e3 59. Qc5+ Kb8 60. Qxe3 Ka8 61. Qe5 Ka7 62. Qd4+ Ka8 63. Qf6 Kb8 64. Ne2 Ka7 65. Qd4+ Kb8 66. Nc1 Ka8 67. Kf4 Kb8 68. Qd5 Qh6+ 69.
Qg5 Rxg7 70. Qxh6 Rxg4+ 71. Kxg4 a5 72. Qd2 Ka7 73. Qxc2 b6 74. Kf4 Ka6 75. Ke4 1-0

[Event "Early-Titled-Tuesday-Blitz-February-27-2024"]
[Site "Chess.com"]
[Date "2024.02.27"]
[Round "3"]
[White "N4700000"]
[Black "MikeSailer"]
[Result "1-0"]
[WhiteElo "2466"]
[BlackElo "2154"]
[TimeControl "180+1"]
[EndTime "8:29:40 PST"]
[Termination "N4700000 won on time"]

1. e4 d5 2. exd5 Qxd5 3. Nc3 Qd6 4. d4 c6 5. Nf3 Bg4 6. h3 Bh5 7. g4 Bg6 8. Ne5 Nd7 9. Bf4 Nxe5 10. Bxe5 Qb4 11. Qd2 e6 12. O-O-O O-O-O 13. Bg2 Nf6 14. Bg3 Qa5 15. g5 Nd5 16. Nxd5 Qxd2+ 17. Rxd2 cxd5 18. h4 Bh5 19. Be5 Rg8 20. Rh3 Bd6 21.
Rc3+ Kd7 22. Bxd6 Kxd6 23. Ra3 a6 24. Rdd3 Rc8 25. Rdb3 Rc7 26. Rb6+ Kd7 27. Rab3 Kc8 28. Kd2 Rd8 29. c3 Rdd7 30. Bf1 Bg4 31. Bxa6 f6 32. Bb5 Rf7 33. Ke1 fxg5 34. hxg5 Rf3 35. Be2 Rf4 36. Bxg4 Rxg4 37. Rxe6 Rxg5 38. Re8+ Kd7 39.
Rb8 Kc6 40. Re8 Kd7 41. Re3 h5 42. Rb6 g6 43. Kf1 h4 44. Ree6 Rc6 45. Rexc6 bxc6 46. Rb7+ Ke6 47. Rh7 Rg4 48. f3 Rf4 49. Kg2 g5 50. a4 Rf6 51. a5 Kf5 52. a6 Rf8 53.
a7 Ra8 54. Rf7+ Kg6 55. Rc7 Kf5 56. Kh3 Kf4 57. Rf7+ Ke3 58. Kg4 Kf2 59. Kxg5 h3 60. Rh7 Kg2 61. f4 h2 62. f5 Rxa7 63. Rxh2+ Kxh2 64. f6 Kg3 65. Kg6 Kf4 66. f7 Ra8 67. Kg7 Ke3 68.
f8=Q Rxf8 69. Kxf8 Kd3 70. Ke7 Kc2 71. Kd6 Kxb2 72.
Kxc6 Kxc3 73. Kxd5 1-0

[Event "Early-Titled-Tuesday-Blitz-February-27-2024"]
[Site "Chess.com"]
[Date "2024.02.27"]
[Round "3"]
[White "DuleMudule"]
[Black "Alexei_Gubajdullin"]
[Result "1-0"]
[WhiteElo "2854"]
[BlackElo "2641"]
[TimeControl "180+1"]
[EndTime "8:29:44 PST"]
[Termination "DuleMudule won by checkmate"]

1. d4 Nf6 2. Bg5 e6 3. e3 h6 4. Bh4 Nc6 5. Nd2 g5 6. Bg3 d6 7. h4 Rg8 8. hxg5 hxg5 9. Bb5 Bd7 10. Ne2 Ne7 11. c4 Nf5 12. Qb3 c6 13. Ba4 Rb8 14.
Qc2 a5 15. c5 Nxg3 16. Nxg3 b5 17. cxb6 Qxb6 18. Rc1 Qxb2 19. Rb1 Qxb1+ 20. Nxb1 Nd5 21. a3 Rc8 22. Nc3 Nb6 23. Nce4 Be7 24. Nh5 Rg6 25.
Bb3 c5 26. dxc5 d5 27. Nef6+ Rxf6 28. Nxf6+ Bxf6 29. Rh6 Be5 30. Rh5 Bf6 31. cxb6 Rxc2 32. Bxc2 Bc6 33. Rh6 Bc3+ 34. Ke2 a4 35. Rh7 Bb5+ 36.
Bd3 Bc6 37. g4 Bb2 38. Ba6 Ke7 39. Rh1 Be5 40. Rc1 Kd7 41. Kd3 Bd6 42. Rc3 e5 43. e4 dxe4+ 44. Ke3 f6 45. Bf1 Bb8 46. Bg2 Bd6 47.
Bxe4 Bb5 48. b7 Ba6 49. Rc8 Bxb7 50. Bxb7 Bxa3 51. Ra8 Kc7 52. Bd5 Bc5+ 53. Ke4 a3 54. f3 Kb6 55. Kf5 Kb5 56. Kxf6 Kb4 57. Kxg5 Bd4 58.
Kf5 Kc5 59. Ke4 Bb2 60. g5 Kd6 61. g6 Ke7 62. Kf5 e4 63. fxe4 Kd6 64. Ra7 Kc5 65.
g7 a2 66. Bxa2 Bxg7 67. Rxg7 Kb4 68. Rc7 Ka3 69. Bg8 Kb2 70. Bh7 Kb1 71. e5 Ka1 72. e6 Ka2 73. e7 Kb2 74. e8=Q Kb1 75. Qe2 Ka1 76. Rc1# 1-0

[Event "Early-Titled-Tuesday-Blitz-February-27-2024"]
[Site "Chess.com"]
[Date "2024.02.27"]
[Round "3"]
[White "chipmunknau"]
[Black "AryanTari"]
[Result "1-0"]
[WhiteElo "2732"]
[BlackElo "2933"]
[TimeControl "180+1"]
[EndTime "8:29:49 PST"]
[Termination "chipmunknau won by resignation"]

1. Nf3 Nf6 2. g3 c5 3. c4 Nc6 4.
Bg2 d5 5. cxd5 Nxd5 6. O-O e5 7. Nc3 Be6 8. d3 Be7 9. Bd2 Nc7 10. Rc1 O-O 11. a3 Qd7 12. Ng5 Bxg5 13. Bxg5 f6 14. Be3 b6 15. Qa4 Nd5 16. Nxd5 Bxd5 17. Bxd5+ Qxd5 18. b4 Nd4 19. Bxd4 exd4 20. bxc5 bxc5 21.
Rc2 Rfc8 22. Rfc1 Rc7 23. Qc4 Qxc4 24. Rxc4 Rac8 25. Rb1 Kf7 26. h4 Ke6 27. Kg2 Kd6 28. Kf3 Kc6 29. Rbc1 Kd5 30. Rb1 Kc6 31. Rbc1 Kd6 32. Rb1 Rc6 33. Rb7 R8c7 34. Rb8 Rb6 35. Rh8 g6 36. Rd8+ Ke6 37. Rdxd4 cxd4 38. Rxc7 Ra6 39. Rxh7 Rxa3 40. Rg7 a5 41. Rxg6 Kf7 42. Rh6 Rb3 43. Rh7+ Kg6 44. Ra7 Rb5 45. Rd7 a4 46. Ra7 Rb4 47. Ke4 Rb2 48. Rxa4 Rxe2+ 49. Kf3 Rb2 50.
Rxd4 f5 51. Rd6+ Kh5 52. Rf6 Rb5 53. Kg2 Rd5 54. Kh3 Rxd3 55. Rxf5+ Kg6 56. Rg5+ Kh6 57. f4 Rd1 58. Kg4 Rd8 59. Re5 Rg8+ 60. Kh3 Ra8 61. h5 Ra1 62. Kh4 Rh1+ 63. Kg4 Ra1 64. Re6+ Kh7 65. Kg5 Ra8 66. g4 Rf8 67. f5 Rg8+ 68.
Rg6 Ra8 69. h6 Ra1 70. Rg7+ Kh8 71. Rd7 Ra6 72. Kh5 Rb6 73. g5 Rb5 74. Kg6 Rb8 75.
Rh7+ Kg8 76. f6 Rb6 77. Rg7+ Kh8 78. Rc7 Rb8 79. Kh5 Rd8 80. Re7 Rc8 81. Kg6 Rg8+ 82. Kf5 Rb8 83. f7 Rf8 84. Kg6 Rc8 85. Re8+ 1-0

[Event "Early-Titled-Tuesday-Blitz-February-27-2024"]
[Site "Chess.com"]
[Date "2024.02.27"]
[Round "3"]
[White "Arlo2024"]
[Black "SergioMoralesG"]
[Result "0-1"]
[WhiteElo "2292"]
[BlackElo "2542"]
[TimeControl "180+1"]
[EndTime "8:29:51 PST"]
[Termination "SergioMoralesG won on time"]

1. e4 c5 2. Nc3 Nc6 3. g3 g6 4.
Bg2 Bg7 5. d3 e6 6. Be3 d6 7. Qd2 Qa5 8. Nge2 Rb8 9. O-O Nd4 10. Nc1 h6 11. Nb3 Qc7 12. Nc1 Ne7 13. Nd1 b5 14. c3 Ndc6 15. a3 a5 16. Ne2 b4 17. axb4 axb4 18. d4 bxc3 19. bxc3 cxd4 20.
cxd4 d5 21. Bf4 e5 22. dxe5 Nxe5 23. exd5 Qd6 24. Ne3 O-O 25. Rac1 g5 26. Nc4 Nxc4 27. Bxd6 Nxd2 28. Bxb8 Nxf1 29. Kxf1 Ba6 30. Bd6 Re8 31. Bf3 Nxd5 32. Bxd5 Bxe2+ 33. Kg2 Rd8 34. Rc6 h5 35. Bb3 g4 36. Bd5 Bf8 37. Bxf8 Rxd5 38. Rd6 Bf3+ 39. Kf1 Rb5 40. Ke1 Kxf8 41. Kd2 Rb2+ 42. Ke3 Re2+ 43. Kf4 Rxf2 44. Kg5 Kg7 45. Kxh5 Be4 46.
Kxg4 Bg6 47. h4 Rh2 48. Kg5 Rh3 49. g4 Rc3 50. h5 Rc5+ 51. Kh4 Bh7 52. g5 Rc4+ 53. Kg3 Bf5 54. Rb6 Be6 55. g6 Rc3+ 56. Kf4 Rc4+ 57. Ke5 Rc5+ 58. Kf4 Rxh5 59. gxf7 Kxf7 60.
Rb7+ Kf6 61. Rb6 Rf5+ 62. Ke4 Rc5 63. Ra6 Rc4+ 64. Kd3 Rh4 65. Ke3 Ke5 66. Ra5+ Bd5 67.
Ra6 Rh3+ 68. Kd2 Kd4 69. Ra7 Rh2+ 70. Ke1 Ke3 71. Kd1 Be4 72. Kc1 Rc2+ 73. Kd1 Rb2 74. Ra1 Bf3+ 75. Kc1 Rb4 76. Ra3+ Ke2 77. Kc2 Be4+ 78. Kc3 Rb1 79. Ra4 Ke3 80. Ra3 Rc1+ 81. Kb4+ Kd2 0-1

[Event "Early-Titled-Tuesday-Blitz-February-27-2024"]
[Site "Chess.com"]
[Date "2024.02.27"]
[Round "3"]
[White "Better_Chess_Faster"]
[Black "Al_Shima"]
[Result "0-1"]
[WhiteElo "2123"]
[BlackElo "2399"]
[TimeControl "180+1"]
[EndTime "8:29:53 PST"]
[Termination "Al_Shima won by checkmate"]

1. d4 Nf6 2. Bg5 Ne4 3. Bf4 d5 4. Nd2 Bf5 5. e3 e6 6. Bd3 Nxd2 7. Qxd2 Bxd3 8. cxd3 Bd6 9. Bxd6 Qxd6 10. Nf3 Nd7 11. O-O O-O 12. Rfc1 c6 13. b4 a6 14. a4 Rfe8 15.
Rab1 b6 16. h3 a5 17. bxa5 bxa5 18. Rb7 Reb8 19. Rcb1 Rxb7 20. Rxb7 c5 21. Qb2 Qc6 22. Rb5 c4 23. dxc4 dxc4 24. Qc3 h6 25. Nd2 Nb6 26.
Rc5 Qxa4 27. Nxc4 Qd1+ 28. Kh2 Na4 29. Qa3 Nxc5 30. dxc5 a4 31. Nb6 Rb8 32. Qxa4 Qd8 33. Qc6 Qe7 34. Nd7 Rd8 35. Ne5 Qa7 36. Qb6 Qxb6 37.
cxb6 Rb8 38. Nc4 Kf8 39. Kg3 Ke7 40. Kf4 f6 41. Ke4 Kd7 42. Kd4 Kc6 43. e4 Rd8+ 44. Kc3 Kb5 45. b7 Kc6 46. Na5+ Kb6 47. Kb4 Rd4+ 48.
Nc4+ Kxb7 49. f3 Kc6 50. Kc3 Rd1 51. Kc2 Rg1 52. Ne3 Kc5 53. Kd3 Ra1 54. g3 Ra3+ 55. Ke2 Ra2+ 56. Kd3 Rh2 57. h4 g5 58.
hxg5 hxg5 59. g4 Kd6 60. Nc4+ Kc5 61. Ne3 Rf2 62. Nc2 Rxf3+ 63. Ke2 Rf4 64. Ke3 Rxg4 65.
Nd4 Rf4 66. Nf3 Kd6 67. Nd4 e5 68. Ne2 Ke6 69. Ng3 Rh4 70. Nf5 Rh3+ 71. Ke2 Rh7 72. Kd3 Ra7 73. Ke3 g4 74. Kf2 Ra3 75. Ne3 Rxe3 76.
Kxe3 f5 77. exf5+ Kxf5 78. Kf2 Kf4 79. Ke2 e4 80. Kf2 e3+ 81. Ke2 g3 82. Kf1 Kf3 83.
Kg1 e2 84. Kh1 e1=Q# 0-1

[Event "Early-Titled-Tuesday-Blitz-February-27-2024"]
[Site "Chess.com"]
[Date "2024.02.27"]
[Round "3"]
[White "As0nchess"]
[Black "BilodeauA"]
[Result "0-1"]
[WhiteElo "2535"]
[BlackElo "3010"]
[TimeControl "180+1"]
[EndTime "8:29:56 PST"]
[Termination "BilodeauA won by checkmate"]

1. e4 e5 2. Nf3 Nc6 3. Bc4 Bc5 4. c3 Nf6 5. d3 d6 6. O-O Bb6 7. Re1 O-O 8. h3 h6 9. Nbd2 Ne7 10. Bb3 Be6 11. d4 Ng6 12. Bc2 c6 13. Nf1 exd4 14. cxd4 d5 15. e5 Ne4 16. Ng3 Nxg3 17. fxg3 f5 18. b4 a5 19. Bd2 Ne7 20. a3 Qc7 21. Bc3 Ra7 22. Qd3 Rfa8 23. Kh2 axb4 24. axb4 Rxa1 25.
Rxa1 Rxa1 26. Bxa1 Qd8 27. Qa3 Ng6 28. Bd3 Qe7 29.
Bc3 Nf8 30. Qa8 Qd7 31. Nh4 Kf7 32. Qb8 g5 33. Nf3 Qc8 34. Qxc8 Bxc8 35. Kg1 Be6 36. Kf2 Ng6 37. Ke2 Ne7 38. h4 g4 39.
Ne1 Nc8 40. Ke3 Bd8 41. Be2 Nb6 42. Nd3 Nc4+ 43. Kf2 b6 44. Nf4 Be7 45. Bd3 Bd7 46.
Ke2 Be6 47. Kf2 Bd8 48. Ke2 Bc7 49. Bc2 Bb8 50. Ba4 b5 51. Bc2 Bd7 52. Bd3 Nb6 53. Bd2 Bc7 54. Nh5 Bd8 55. Kf2 Nc4 56. Bc3 Be7 57. Ke1 Na3 58. Nf4 Nc4 59. Ke2 Be6 60.
Ke1 Bf8 61. Ke2 Nb6 62. Ke1 Nd7 63. Ke2 Be7 64. Bd2 Nf8 65. Nxe6 Nxe6 66. Bc3 Kg6 67. Ke3 h5 68. Bc2 Ng7 69. Bd3 Kf7 70. Bc2 Ke6 71.
Bd3 Bf8 72. Ke2 Ne8 73. Bd2 Nc7 74. Ke3 Na6 75. Be1 Nxb4 76. Bxb4 Bxb4 77. Ke2 Bc3 78.
Ke3 Be1 79. Kf4 Bd2# 0-1

[Event "Early-Titled-Tuesday-Blitz-February-27-2024"]
[Site "Chess.com"]
[Date "2024.02.27"]
[Round "3"]
[White "ansko1999"]
[Black "GMKrikor"]
[Result "1/2-1/2"]
[WhiteElo "2715"]
[BlackElo "2930"]
[TimeControl "180+1"]
[EndTime "8:30:01 PST"]
[Termination "Game drawn by repetition"]

1. e4 c5 2. Nf3 Nc6 3. Bb5 Nf6 4. Bxc6 dxc6 5. d3 Bg4 6. h3 Bh5 7. Nc3 Nd7 8. Bf4 f6 9. g4 Bf7 10. e5 Nb6 11. Qe2 Nd5 12. Bd2 Qd7 13. O-O-O O-O-O 14. Kb1 g6 15. Rhe1 Nc7 16. Ne4 b6 17. exf6 exf6 18. Nxf6 Qd6 19. g5 Bg7 20. Bc3 Bxf6 21. Bxf6 Rhe8 22.
Qd2 Qd5 23. Qf4 Qxa2+ 24. Kc1 Nd5 25. Qg4+ Rd7 26. Rxe8+ Bxe8 27. Ne5 Kc7 28. Nxd7 Bxd7 29. Qg3+ Kb7 30. Qd6 Bf5 31. Re1 c4 32. dxc4 Qxc4 33.
c3 Qd3 34. Re7+ Nxe7 35. Qxe7+ Ka6 36. Qa3+ Kb7 37. Qe7+ Bd7 38. Qe3 Qd5 39. Qd4 Qxd4 40. Bxd4 Bxh3 41. Kd2 c5 42. Be5 Kc6 43. b4 Kb5 44.
Bd6 Kc4 45. bxc5 bxc5 46. Bc7 a6 47. Bd8 Bf5 48. Bc7 Kb5 49. Kc1 a5 50. Kb2 a4 51.
Bd6 Kc4 52. Bf8 Bd7 53. Be7 Kd5 54. Bf8 c4 55. Bg7 Ke4 56. Bd4 Kd3 57. Be3 a3+ 58. Kxa3 Kxc3 59. Ka2 Kc2 60. Ka1 c3 61. Bf4 Be6 62.
Be3 Bd5 63. Bf4 Be4 64. Be3 Kd1 65. Bf4 Ke2 66. Be3 Kd3 67. Kb1 Ke2+ 68. Kc1 c2 69. Bd4 Kf3 70. Be3 Bd3 71. Kd2 Bf5 72. Kc1 Ke2 73.
Bd4 Be4 74. Be3 Ke1 75. Bd4 Ke2 76. Be3 Bf5 77. Bd4 Bg4 78. Be3 Kd3 79. Bc5 Bf5 80.
Be3 Ke4 81. Ba7 Kf3 82. Be3 Ke2 1/2-1/2

[Event "Early-Titled-Tuesday-Blitz-February-27-2024"]
[Site "Chess.com"]
[Date "2024.02.27"]
[Round "3"]
[White "Manukyan_Artak"]
[Black "Fonsofan"]
[Result "1/2-1/2"]
[WhiteElo "2495"]
[BlackElo "2732"]
[TimeControl "180+1"]
[EndTime "8:30:03 PST"]
[Termination "Game drawn - insufficient material"]

1. e4 c6 2. d4 d5 3. e5 Bf5 4. c4 e6 5. Nc3 Ne7 6. Nf3 Nd7 7. Nh4 h5 8. Nxf5 Nxf5 9. cxd5 cxd5 10. Be3 Qb6 11. Bb5 a6 12. Bxd7+ Kxd7 13. O-O Rc8 14.
Ne2 Be7 15. Ng3 Nxg3 16. hxg3 Rc7 17. Qa4+ Qc6 18. Qxc6+ Rxc6 19. Rfc1 Rhc8 20. Kf1 f6 21. Ke2 Rc2+ 22. Kd3 Rxb2 23. Rxc8 Kxc8 24. a4 f5 25. Bd2 Bb4 26. Bxb4 Rxb4 27. Kc3 Rc4+ 28. Kd3 a5 29. Ra2 g6 30. Ke3 g5 31. Kd3 Kc7 32. Ra1 Kc6 33. Rh1 Rxa4 34. Rxh5 Ra3+ 35.
Kc2 Ra2+ 36. Kc3 Rxf2 37. Rxg5 b5 38. Rg6 b4+ 39. Kd3 Rxg2 40. Rxe6+ Kb7 41. Rd6 Rxg3+ 42. Kc2 a4 43. Rxd5 Kc6 44. Rc5+ Kb6 45. e6 Re3 46. Rxf5 Rxe6 47. Kd3 Rc6 48. d5 Rc1 49. Rf6+ Kb5 50. d6 Rd1+ 51. Kc2 Rd5 52. Kb2 a3+ 53. Kb3 Rd3+ 54. Kc2 Rd4 55. Kb3 Rd3+ 56. Kc2 Rc3+ 57. Kd2 Rc8 58. d7 Rd8 59. Rf7 Kc6 60. Kc2 Rxd7 61.
Rf5 Rd4 62. Kb3 Kb6 63. Re5 Rg4 64. Rf5 Rg1 65. Rf6+ Kc7 66. Rf7+ Kd6 67. Rf2 Rb1+ 68. Ka2 Re1 69. Kb3 Re4 70. Rf5 Kc6 71. Rg5 Re1 72. Rg6+ Kd5 73. Rg5+ Kd4 74. Rg4+ Ke5 75. Rg5+ Kf4 76.
Rg2 Rb1+ 77. Ka2 Kf3 78. Rd2 Re1 79. Kb3 Re2 80. Rd4 a2 81. Rd1 Ke3 82. Ra1 Kd2 83. Rxa2+ Kd3 84. Rxe2 Kxe2 85. Kxb4 1/2-1/2

[Event "Early-Titled-Tuesday-Blitz-February-27-2024"]
[Site "Chess.com"]
[Date "2024.02.27"]
[Round "3"]
[White "Ticoluis"]
[Black "karinachess1"]
[Result "1/2-1/2"]
[WhiteElo "2465"]
[BlackElo "2628"]
[TimeControl "180+1"]
[EndTime "8:30:11 PST"]
[Termination "Game drawn - insufficient material"]

1. e4 e5 2. Nf3 Nc6 3. Bb5 Nge7 4. Nc3 Ng6 5. Bxc6 dxc6 6. O-O Bc5 7. d3 O-O 8. Be3 Qe7 9. Nd2 Be6 10. Nb3 Bb6 11.
Qd2 Rad8 12. Kh1 c5 13. Qe2 c4 14. dxc4 Bxe3 15. fxe3 c6 16. a3 f6 17. Rad1 Qf7 18.
Nd2 Rd7 19. b3 Qe7 20. Ndb1 Rfd8 21. Rxd7 Rxd7 22. Rd1 Nf8 23. Rxd7 Nxd7 24. b4 Nb6 25. Nd2 Qf7 26. c5 Nd7 27. Qd3 h5 28. h3 h4 29. Nf3 g5 30. Nh2 Nf8 31. Nd1 Kg7 32. Nf2 Qc7 33. Nfg4 a5 34. Qd2 axb4 35. axb4 b6 36.
Qf2 Nd7 37. g3 hxg3 38. Qxg3 bxc5 39. h4 Qd6 40. hxg5 fxg5 41. Nf2 Qe7 42. Nf3 Kg6 43. Ng4 Qh7+ 44. Kg2 cxb4 45. Ngxe5+ Nxe5 46. Qxe5 Qf7 47. Qxg5+ Kh7 48. Qh4+ Kg8 49. Qd8+ Kg7 50. Ng5 Qg6 51.
Qd4+ Kg8 52. Qe5 Bf7 53. Qb8+ Kg7 54. Qe5+ Qf6 55. Qg3 Bg6 56. e5 Qf5 57. e4 Qd7 58.
e6 Qd2+ 59. Kh3 Kf6 60. Nf3 Qh6+ 61. Kg2 Kg7 62. Qe5+ Kh7 63. Ng5+ Kg8 64. Qb8+ Qf8 65. Qe5 Qg7 66. Qd6 Qf8 67. e7 Qe8 68. Qe6+ Kg7 69. Qe5+ Kg8 70. Qf6 b3 71. Ne6 Qf7 72. Qe5 Qxe7 73.
cxb3 Qf7 74. Qb8+ Qe8 75. Qxe8+ Bxe8 76. Nd4 Kf7 77. Kf3 Ke7 78. Ke3 c5 79. Ne2 Ke6 80. Kd3 Kd6 81. Kc3 Bf7 82. Nf4 Ke5 83. Nd3+ Kxe4 84.
Nxc5+ Kd5 85. b4 Kc6 86. Nd3 Kb5 87. Ne5 Be6 88. Nf3 Bg8 89. Nd4+ Kb6 90. b5 Bf7 91.
Kb4 Be8 92. Kc4 Bxb5+ 1/2-1/2